 Dungeon Crawl Stone Soup version 0.17.2 (webtiles) character file.

10246 Goblin1989 the Carver (level 11, 0/92 HPs)
             Began as a Demonspawn Wanderer on June 24, 2016.
             Was a Believer of Ru.
             Slain by a blink frog (4 damage)
             ... on level 3 of the Lair of Beasts.
             The game lasted 00:55:07 (11714 turns).

Goblin1989 the Carver (Demonspawn Wanderer)        Turns: 11714, Time: 00:55:07

Health: 0/92       AC: 23    Str: 12 (16) XL:     11   Next: 33%
Magic:  9/9        EV:  0    Int: 12 (14) God:    Ru [**....]
Gold:   463        SH: 12    Dex: 11 (20) Spells: 0 memorised, 10 levels left

rFire  . . .     SeeInvis .     b - +0 falchion
rCold  . . .     Clarity  +     c - +0 plate armour
rNeg   . . .     SustAt   .     p - +0 large shield
rPois  .         Gourm    .     y - +0 helmet
rElec  +         Spirit   .     u - +0 cloak
rCorr  .         Warding  .     (no gloves)
rMut   +         Stasis   .     t - +0 pair of boots {Stlth+}
MR     .....                    N - amulet of resist mutation {rMut, !d}
Stlth  +.........               w - +6 ring of dexterity
                                m - +3 ring of protection

@: not resistant to hostile enchantments, very unstealthy
A: talons 1, icy blue scales 1, clarity, deterioration 1, low mp 1, nightstalker
2, powered by death 2, robust 1, electricity resistance, spit poison 1, strong
1, hated by all, disrupted magic 1
a: Spit Poison, Renounce Religion


You were on level 3 of the Lair of Beasts.
You worshipped Ru.
Ru was pleased with you.
You were not hungry.

You visited 2 branches of the dungeon, and saw 14 of its levels.

You collected 764 gold pieces.
You spent 301 gold pieces at shops.

Inventory:

Hand Weapons
 a - the +1 flail of Dismemberment {flame, *Rage rN+ MR+ Stlth+}
   (You bought it in a shop on level 4 of the Dungeon)

   It has been specially enchanted to burn those struck by it, causing extra
   injury to most foes and up to half again as much damage against particularly
   susceptible opponents.
   It protects you from negative energy.
   It affects your resistance to hostile enchantments.
   It may make you go berserk in combat.
   It makes you more stealthy.
 b - a +0 falchion (weapon)
Missiles
 j - a throwing net (quivered) {=f, !d}
Armour
 c - a +0 plate armour (worn)
 k - a +1 scale mail of fire resistance
 p - a +0 large shield (worn)
 t - a +0 pair of boots of stealth (worn)
 u - a +0 cloak (worn)
 y - a +0 helmet (worn)
Jewellery
 e - an uncursed ring of fire {rF+, rC-}
 i - an uncursed ring of positive energy {rN+}
 m - a +3 ring of protection (left hand)
 o - an uncursed ring of protection from magic {MR+, !d}
 w - a +6 ring of dexterity (right hand)
 x - an uncursed ring of ice {rC+, rF-}
 I - an uncursed ring of protection from cold {rC+, !d}
 N - an amulet of resist mutation (around neck) {rMut, !d}
Wands
 z - a wand of disintegration (7)
Scrolls
 l - 2 scrolls of enchant armour
 n - 2 scrolls of fear {unknown}
 q - 8 scrolls of remove curse
 r - a scroll of amnesia {unknown}
 s - 2 scrolls of magic mapping {unknown}
 v - 2 scrolls of vulnerability {unknown}
 B - a scroll of noise {unknown}
 C - 2 scrolls of enchant weapon {unknown}
 D - a scroll of recharging {unknown}
 E - a scroll of random uselessness {unknown}
 F - 2 scrolls of immolation {unknown}
 H - a scroll of teleportation {unknown}
 K - a scroll of summoning {unknown}
 P - 2 scrolls of identify
Potions
 d - 3 potions of curing
 G - a potion of ambrosia
Comestibles
 f - 9 bread rations
 g - a meat ration
 h - 2 beef jerkies
 J - 10 royal jellies
 L - 11 fruits
 M - a chunk of flesh


   Skills:
 * Level 7.3 Fighting
 + Level 11.2 Long Blades
 - Level 10.6 Armour
 - Level 3.6 Stealth
 * Level 4.5 Shields


You had 10 spell levels left.
You didn't know any spells.

Dungeon Overview and Level Annotations

Branches:
Dungeon (11/15)            Temple (0/1) D:6            Lair (3/8) D:9
  Swamp: Lair:3-6    Shoals: Lair:3-6     Snake: Lair:3-6    Spider: Lair:3-6
    Orc: D:9-12

Altars:
Ashenzari
Cheibriados
Dithmenos
Okawaru
Ru
Vehumet
Xom
The Shining One

Shops:
D:4 (*[

Annotations:
D:5 exclusion: Grinder, Grinder


Innate Abilities, Weirdness & Mutations

You are partially covered in icy blue scales (AC +1).
Your magical capacity is low (-10% MP).
You are significantly more attuned to the shadows.
You regenerate health from kills.
You are hated by all.
Your casting is slightly disrupted.
You have sharp toenails.
You possess an exceptional clarity of mind.
Your body sometimes deteriorates upon taking damage.
You are robust (+10% HP).
You are resistant to electric shocks.
You can spit weak poison.
Your muscles are strong. (Str +2)


Message History

You block the blink frog's attack.
You miss the blink frog.
The blink frog blinks!
You miss the blink frog. You block the blink frog's attack.
The blink frog hits you!
* * * LOW HITPOINT WARNING * * *
The blink frog hits you but does no damage.
You take 7 damage, and have 3/92 hp.
Drink which item? (? for menu, Esc to quit)
You can't drink that!
Drink which item? (? for menu, Esc to quit)
You feel better. You block the blink frog's attack.
The blink frog hits you but does no damage.
You regained 7 hp, and now have 10/92 hp.
You miss the blink frog.
The blink frog blinks!
The blink frog hits you.
* * * LOW HITPOINT WARNING * * *
The blink frog blinks!
The blink frog hits you.
* * * LOW HITPOINT WARNING * * *
The blink frog begins to attack, but is stunned by your will!
The blink frog hits you.
You die...

#................<.
##.##....###....... #
##.#......###...... #
##P.....#####....P.. ####
#.....÷####.........
.P##.#.............#.....
..........P..##P§F.#....#
....###...#..###F####F...
..###..†..#.####@# . #.#
#....##..F.F###P.. .#
#................. .
#...........#....§
.........#.$.....##P .
..... ##.....## ##.....
... ..


You could see 4 blink frogs.

Vanquished Creatures
  The ghost of TBriggs11TB the Shield-Bearer, a novice DDFi of Makhleb (D:7)
  A komodo dragon (Lair:2)
  3 blink frogs (Lair:3)
  A deep elf mage (D:10)
  A hippogriff (D:10)
  5 yaks (Lair:2)
  3 hungry ghosts
  15 wolves (Lair:2)
  A necrophage (D:10)
  A black bear (D:9)
  3 ogres
  4 orc warriors
  2 centaurs (D:7)
  3 crocodiles
  A phantom (D:8)
  2 ice beasts
  A big kobold (D:7)
  5 giant frogs
  5 killer bees (D:9)
  2 lava snakes (Lair:2)
  A centaur zombie (D:9)
  4 jellies
  A quasit (D:7)
  5 hounds
  4 orc wizards
  4 iguanas
  6 orc priests
  2 giant frog skeletons
  6 worker ants
  A hound skeleton (D:10)
  A worker ant zombie (D:7)
  Robin (D:4)
  17 adders
  12 river rats (Lair:2)
  10 gnolls
  A white imp (D:9)
  3 shadow imps
  5 oozes (D:9)
  A worm (D:3)
  9 giant geckos
  39 orcs
  A giant cockroach (D:4)
  11 goblins
  8 hobgoblins
  6 jackals
  8 kobolds
  3 quokkas
  2 ball pythons
  6 bats
  A giant gecko skeleton (D:8)
  5 giant newts
  A goblin skeleton (D:9)
  3 hobgoblin zombies (D:9)
  A jackal zombie (D:7)
  2 orc skeletons (D:9)
  2 orc zombies (D:9)
  7 rats
260 creatures vanquished.

Vanquished Creatures (others)
  An orc wizard (D:6)
  5 sheep (D:4)
  3 orcs
  3 plants (Lair:2)
12 creatures vanquished.

Grand Total: 272 creatures vanquished

Notes
Turn   | Place    | Note
--------------------------------------------------------------
     0 | D:1      | Goblin1989 the Demonspawn Wanderer began the quest for the Orb.
     0 | D:1      | Goblin1989 set off with: a +2 dagger, a scroll of blinking {!r}, a +0 falchion, a potion of curing, a +0 robe, a bread ration
     0 | D:1      | Reached XP level 1. HP: 18/18 MP: 1/1
   581 | D:1      | Gained mutation: You are slightly more attuned to the shadows. [demonic ancestry]
   581 | D:1      | Reached XP level 2. HP: 22/24 MP: 2/2
   916 | D:2      | Found a faded altar to an unknown god.
  1057 | D:2      | Found a sacrificial altar of Ru.
  1066 | D:2      | Became a worshipper of Ru the Awakened
  1093 | D:2      | Reached XP level 3. HP: 26/29 MP: 3/3
  1893 | D:3      | Reached XP level 4. HP: 35/35 MP: 4/4
  1953 | D:3      | Reached skill level 4 in Long Blades
  2343 | D:3      | Found a shattered altar of Ashenzari.
  2461 | D:3      | Gained mutation: You regenerate a little health from kills. [demonic ancestry]
  2461 | D:3      | Reached XP level 5. HP: 12/41 MP: 5/5
  3063 | D:4      | Found Terum's Weapon Boutique.
  3094 | D:4      | Gained mutation: You are hated by all. [Ru sacrifice]
  3094 | D:4      | Reached * piety under Ru
  3244 | D:4      | Reached skill level 5 in Long Blades
  3380 | D:4      | Noticed Robin
  3426 | D:4      | Killed Robin
  3457 | D:4      | Found a radiant altar of Vehumet.
  3500 | D:4      | Found Ahiucics's Armour Shoppe.
  3533 | D:4      | Reached XP level 6. HP: 47/47 MP: 6/6
  3585 | D:4      | Found Denur's Assorted Antiques.
  3588 | D:4      | Bought a glowing marble ring for 105 gold pieces
  3588 | D:4      | Bought a ruby potion for 18 gold pieces
  3608 | D:4      | Gained mutation: You have sharp toenails. [potion of beneficial mutation]
  3610 | D:4      | Gained mutation: You possess an exceptional clarity of mind. [potion of mutation]
  3610 | D:4      | Gained mutation: You can spit weak poison. [potion of mutation]
  3610 | D:4      | Gained mutation: Your body sometimes deteriorates upon taking damage. [potion of mutation]
  3769 | D:4      | Noticed a hungry ghost
  3787 | D:4      | Killed a hungry ghost
  3787 | D:4      | Reached skill level 6 in Long Blades
  3911 | D:4      | Found a shimmering altar of Xom.
  4073 | D:5      | Entered Level 5 of the Dungeon
  4710 | D:5      | Noticed Grinder
  4794 | D:5      | Gained mutation: You regenerate health from kills. [demonic ancestry]
  4794 | D:5      | Reached XP level 7. HP: 35/52 MP: 7/7
  4818 | D:6      | Reached skill level 7 in Long Blades
  4857 | D:6      | Gained mutation: You are resistant to electric shocks. [potion of mutation]
  4857 | D:6      | Gained mutation: You are robust (+10% HP). [potion of mutation]
  4857 | D:6      | Gained mutation: Your muscles are strong. (Str +2) [potion of mutation]
  5149 | D:7      | Noticed TBriggs11TB's ghost (novice DDFi)
  5309 | D:7      | Killed TBriggs11TB's ghost
  5309 | D:7      | Reached skill level 9 in Long Blades
  5309 | D:7      | Gained mutation: You are partially covered in icy blue scales (AC +1). [demonic ancestry]
  5309 | D:7      | Reached XP level 8. HP: 12/63 MP: 8/8
  5590 | D:7      | Reached skill level 10 in Long Blades
  5848 | D:6      | Found a staircase to the Ecumenical Temple.
  5984 | D:6      | Noticed a hill giant
  6055 | D:6      | Found a shadowy altar of Dithmenos.
  6196 | D:8      | Gained mutation: You are significantly more attuned to the shadows. [demonic ancestry]
  6196 | D:8      | Reached XP level 9. HP: 70/70 MP: 9/9
  6534 | D:8      | Noticed a troll
  6812 | D:4      | Bought a jewelled flail for 178 gold pieces
  6812 | D:4      | Identified the cursed +1 flail of Dismemberment {flame, *Rage rN+ MR+ Stlth+} (You bought it in a shop on level 4 of the Dungeon)
  7106 | D:8      | Reached skill level 10 in Armour
  7106 | D:8      | Reached XP level 10. HP: 78/78 MP: 10/10
  7176 | D:9      | Found an iron altar of Okawaru.
  7752 | D:9      | Found a glowing golden altar of the Shining One.
  7784 | D:9      | Found a staircase to the Lair.
  8095 | D:9      | Gained mutation: Your casting is slightly disrupted. [Ru sacrifice]
  8095 | D:9      | Reached ** piety under Ru
  8377 | D:9      | Reached skill level 5 in Fighting
  8543 | D:9      | Found a snail-covered altar of Cheibriados.
  8783 | D:10     | Entered Level 10 of the Dungeon
  9428 | D:10     | Reached skill level 11 in Long Blades
  9984 | Lair:1   | Entered Level 1 of the Lair of Beasts
 10009 | Lair:1   | You fall through a shaft!
 10477 | Lair:2   | Reached XP level 11. HP: 81/87 MP: 11/11
 10906 | Lair:2   | Gained mutation: Your magical capacity is low (-10% MP). [Ru sacrifice]
 11712 | Lair:3   | HP: 3/92 [blink frog (7)]
 11714 | Lair:3   | Slain by a blink frog

Action                   |  1- 3 |  4- 6 |  7- 9 | 10-12 || total
-------------------------+-------+-------+-------+-------++-------
Melee: Falchion          |   133 |   329 |   440 |  1211 ||  2113
Throw: Throwing net      |       |       |     1 |       ||     1
Invok: Sacrifice Love    |       |     1 |       |       ||     1
       Reject Sacrifices |       |       |     1 |       ||     1
       Sacrifice Essence |       |       |       |     2 ||     2
Evoke: Wand              |       |       |       |     1 ||     1
  Use: Potion            |       |     4 |    12 |    10 ||    26
       Scroll            |       |     7 |     4 |     1 ||    12
 Stab: Sleeping          |     7 |    11 |     6 |    12 ||    36
       Distracted        |       |       |       |     4 ||     4
  Eat: Chunk             |     3 |     2 |     8 |     7 ||    20
       Meat ration       |       |     2 |     3 |     2 ||     7
       Pizza             |       |     1 |       |       ||     1
       Bread ration      |       |       |     3 |       ||     3
